Unix NetHack Version 5.0.0-0 post-release - last build May 31 2026 23:59:36 (970b52f25bf058293b47ddfd14a1e40e571c508c,branch:main).

Game began 2026-06-02 16:32:24, ended 2026-06-02 20:41:11.

IanCurtis, chaotic male elven Wizard

     -------
     |.....|                             ...
   ---...--|                            .....
   |.......--                           .....
   --..*....|                           .....
    ----..-@|                            ..
       --.&-|        ---     .
        --..----------.--- ...
         --.....%.)).......-
          |--...------------
          -.%.---
         -...--
          .---

IanCurtis the Thaumaturge  St:25 Dx:12 Co:16 In:20 Wi:10 Ch:14  Chaotic
Dlvl:12 $:419 HP:0(54) Pw:41(71) AC:7  Xp:7 T:3428 

Latest messages:
 You learn more about your items by comparing them.
 L - an uncursed tripe ration (2 in total).
 What do you want to name? [a-xzA-HJ-PRSUX-Z or ?*] ?
 What do you want to name this elven dagger? Sting
 You see here a yellow gem.
 You smell rotting flesh.
 What do you want to use or apply? [cdfl-oquvzEPRUXZ or ?*] d
 You now wield an uncursed pick-axe.
 In what direction do you want to dig? [hulnj>] >
 You start digging downward.
 You stop digging.
 What do you want to wield? [- adH or ?*] a
 a - a blessed +1 quarterstaff (weapon in hands).
 The gnome lord wields 5 daggers!
 You hit the gnome lord!
 The gnome lord turns to flee.
 You kill the gnome lord!
 What do you want to use or apply? [cdfl-oquvzEPRUXZ or ?*] d
 You now wield an uncursed pick-axe.
 In what direction do you want to dig? [hulnj>] >
 You continue digging downward.
 You dig a pit in the floor.
 What do you want to use or apply? [cdfl-oquvzEPRUXZ or ?*] d
 In what direction do you want to dig? [hulnj>] >
 You start digging downward.
 The floor here is too hard to dig in.
 You hear someone incant VAS CORP BET MANI.
 The marilith appears next to you!
 Call a scroll labeled VAS CORP BET MANI: create monster
 What do you want to zap? [cuvX or ?*] ?
 In what direction? b
 The marilith picks up a gray stone.
 In what direction? b
 The spell hits the marilith!
 The marilith resists!
 The marilith picks up a bow.
 In what direction? b
 The spell misses the marilith.
 The marilith hits!
 The marilith hits again!
 The marilith hits!
 The marilith hits again!
 The marilith hits again!
 The marilith hits again!
 You are still in a pit.
 The marilith hits!
 The marilith hits again!
 The marilith hits!
 You die...
 Do you want your possessions identified? [ynq] (y) q

Inventory:
 Coins    ('$')
  $ - 419 gold pieces
 Weapons  (')')
  H - the +0 Sting
  a - a blessed +1 quarterstaff
 Armor    ('[')
  M - an uncursed +0 pair of gauntlets of power (being worn)
  O - an uncursed +0 pair of jumping boots named jumping (being worn)
  b - an uncursed +0 cloak of magic resistance (being worn)
  p - an uncursed +0 Hawaiian shirt with a palm tree motif (being worn)
 Comestibles  ('%')
  s - 8 uncursed food rations
  L - 2 uncursed tripe rations
  w - an uncursed tin of sauteed giant beetle meat
 Scrolls  ('?')
  t - an uncursed scroll of confuse monster
  i - an uncursed scroll of enchant armor
  k - an uncursed scroll of food detection
  D - an uncursed scroll of genocide
  j - an uncursed scroll of gold detection
  K - an uncursed scroll of identify named identify
  r - an uncursed scroll of light
  N - a cursed scroll of remove curse
  F - a cursed scroll of teleportation
 Spellbooks  ('+')
  m - an uncursed spellbook of detect monsters
  l - a blessed spellbook of force bolt
  q - an uncursed spellbook of light
 Potions  ('!')
  A - an uncursed potion of extra healing
  J - an uncursed potion of gain level
  B - 2 uncursed potions of healing
  Y - a cursed potion of invisibility
  x - an uncursed potion of levitation
  g - an uncursed potion of monster detection
  G - a blessed potion of restore ability
  C - an uncursed potion of speed
  h - 2 uncursed potions of water
 Rings    ('=')
  S - an uncursed +1 ring of gain constitution
  e - an uncursed +1 ring of gain strength
 Wands    ('/')
  u - a wand of light (0:10)
  X - a wand of locking (0:6)
  c - a wand of polymorph (0:4)
  v - a wand of polymorph (0:4)
 Tools    ('(')
  o - an uncursed bugle
  z - an uncursed blindfold
  E - a magic marker (0:98)
  n - a magic marker (0:20)
  P - an uncursed oil lamp (lit)
  d - a +0 pick-axe (weapon in right hand)
  R - an uncursed tallow candle
  Z - an uncursed partly used tallow candle
  f - an uncursed wax candle
 Gems/Stones  ('*')
  U - an uncursed flint stone

IanCurtis the Wizard's attributes:

Background:
 You were a Thaumaturge, a level 7 male elven Wizard.
 You were chaotic, on a mission for Anhur
 who was opposed by Ptah (lawful) and Thoth (neutral).
 You were right-handed.
 You were in the Gnomish Mines, on level 12.
 You entered the dungeon 3428 turns ago.
 There was a full moon in effect when your adventure ended.
 You had 749 experience points, 531 more were needed to attain level 8.

Basics:
 You had 0 out of 54 hit points.
 You had 41 out of 71 energy points (spell power).
 Your armor class was 7.
 Your wallet contained 419 zorkmids.
 Autopickup was off.

Final Characteristics:
 Your strength was 25 (base:12, innate limit:18).
 Your dexterity was 12 (limit:18).
 Your constitution was 16 (limit:16).
 Your intelligence was 20 (limit:20).
 Your wisdom was 10 (limit:20).
 Your charisma was 14 (limit:18).

Final Status:
 You were trapped in a pit.
 You weren't hungry.
 You were unencumbered.
 You were wielding a pick-axe.
 You had no skill with pick-axe.

Final Attributes:
 You were piously aligned.
 You were magic-protected.
 You were sleep resistant.
 You were poison resistant.
 You had infravision.
 You could jump.
 You were warded.
 You were lucky.
 You are dead.

Miscellaneous:
 You encountered 1 bones level.
 Total elapsed playing time was 1 hour, 18 minutes and 24 seconds.

Major events:
 Turn
    1: IanCurtis the chaotic male elven Wizard entered the dungeon
  971: attained the rank of Conjurer (level 3)
 1766: entered the Gnomish Mines
 2297: attained the rank of Thaumaturge (level 6)
 2479: reached Mine Town
 3393: chose an elven dagger to be named "Sting"
 3428: killed by a marilith

Spells:
 Name                 Level Category     Fail Retention
 force bolt             1   attack         3%   81%-90%
 detect monsters        1   divination     3%  76%-100%
 light                  1   divination     3%  76%-100%

Skills:
 Fighting Skills
   bare handed combat [Unskilled]
   riding             [Unskilled]
 Weapon Skills
   dagger             [Unskilled]
   knife              [Unskilled]
   axe                [Unskilled]
   short sword        [Unskilled]
   club               [Unskilled]
   mace               [Unskilled]
   quarterstaff       [Basic]
   polearms           [Unskilled]
   spear              [Unskilled]
   trident            [Unskilled]
   sling              [Unskilled]
   dart               [Unskilled]
   shuriken           [Unskilled]
 Spellcasting Skills
   attack spells      [Basic]
   healing spells     [Unskilled]
   divination spells  [Unskilled]
   enchantment spells [Basic]
   clerical spells    [Unskilled]
   escape spells      [Unskilled]
   matter spells      [Unskilled]

Voluntary challenges:
 Character rerolling was not enabled.
 You never genocided any monsters.
 You never changed form.
 You used no wishes.
Achievements:
 You entered a shop.
 You attained the rank of Conjurer.
 You entered the Gnomish Mines.
 You attained the rank of Thaumaturge.
 You entered Minetown.
 You entered a temple.

 The Dungeons of Doom: levels 1 to 4
    Level 1: "vault"
       A fountain.
    Level 2:
       A general store, a fountain.
    Level 3:
       An armor shop.
    Level 4:
       A sink, a grave.
       Stairs down to The Gnomish Mines.
 The Gnomish Mines: levels 5 to 12
    Level 5:
    Level 6:
    Level 7:
    Level 8:
       Many shops, a temple and an altar, some fountains.
    Level 9:
       Final resting place for
          azepol-Rog-Hum-Mal-Cha, killed by a wand.
    Level 10:
    Level 11:
    Level 12: <- You were here.
       Final resting place for
          you, killed by a marilith.


Vanquished creatures:
 an elf mummy
  a giant spider
  a horse
  a dog
  a blue jelly
  a gnome mummy
  7 gnome leaders
  2 gnomish wizards
  a gray ooze
  9 dwarves
  2 rothes
  a monkey
  a werejackal
  4 coyotes
  6 hobbits
  a large kobold
  4 giant rats
  7 cave spiders
 27 gnomes
  a gnome zombie
  4 geckos
  5 jackals
  a fox
  3 goblins
  a sewer rat
  4 grid bugs
  4 bats
  3 lichens
  2 kobold zombies
  4 newts
110 creatures vanquished.

No species were genocided or became extinct.

Game over:
                       ----------
                      /          \
                     /    REST    \
                    /      IN      \
                   /     PEACE      \
                  /                  \
                  |    IanCurtis     |
                  |      419 Au      |
                  |   killed by a    |
                  |     marilith     |
                  |                  |
                  |                  |
                  |       2026       |
                 *|     *  *  *      | *
        _________)/\\_//(\/(/\)/\//\/|_)_______

Goodbye IanCurtis the Wizard...

You died in The Gnomish Mines on dungeon level 12 with 3934 points,
and 419 pieces of gold, after 3428 moves.
You were level 7 with a maximum of 54 hit points when you died.

